[Event "*** Titled Tuesday Blitz"]
[Site "Chess.com"]
[Date "2020.11.03"]
[Round "2"]
[White "1stSecond"]
[Black "Slovak_fighter2000"]
[Result "1/2-1/2"]
[WhiteElo "2763"]
[BlackElo "2511"]
[TimeControl "180+1"]
[EndTime "10:19:42 PST"]
[Termination "Game drawn by repetition"]

1. e4 e6 2. Qe2 c5 3. g3 Nc6 4.
Nf3 d5 5. exd5 Qxd5 6. Nc3 Qd8 7. Bg2 Nf6 8. O-O Be7 9. Ne4 O-O 10. Rd1 b6 11. Nxf6+ Bxf6 12. c3 Bb7 13. d3 Qe7 14.
h4 h6 15. Re1 Rfd8 16. Bf4 Rac8 17. Rad1 Qd7 18. Qe3 Ne7 19. Ne5 Bxe5 20. Qxe5 Bxg2 21. Kxg2 Qd5+ 22. Qxd5 Rxd5 23. Kf3 Rcd8 24. Ke2 Nc6 25. a4 e5 26. Bc1 f6 27. h5 Kf7 28. g4 a5 29. Rg1 R8d7 30. Rg3 Nd8 31. f4 Ne6 32. f5 Nd8 33. b3 Nc6 34. Re3 R5d6 35. Re4 Ne7 36.
d4 cxd4 37. cxd4 exd4 38. Ba3 Rd5 39. Bxe7 Rxe7 40. Rxe7+ Kxe7 41. Kd3 Re5 42. Kxd4 Kd6 43. Kc4+ Kc7 44. Rd4 Rc5+ 45. Kd3 Re5 46. b4 axb4 47. Kc4 Ra5 48. Kxb4 Re5 49. Kc4 Rc5+ 50. Kb3 Re5 51. Kc3 Re3+ 52. Kc4 Re5 53. Kd3 Ra5 54. Rc4+ Kd7 55.
Kd4 Re5 56. Rc1 Ra5 57. Rc4 Re5 58. Rb4 Kc6 59. Rc4+ Kd7 1/2-1/2

[Event "*** Titled Tuesday Blitz"]
[Site "Chess.com"]
[Date "2020.11.03"]
[Round "2"]
[White "bratkoo"]
[Black "abykhovsky"]
[Result "1-0"]
[WhiteElo "2514"]
[BlackElo "2735"]
[TimeControl "180+1"]
[EndTime "10:19:43 PST"]
[Termination "bratkoo won by checkmate"]

1. e4 d5 2. exd5 Qxd5 3. Nc3 Qd8 4. d4 Bf5 5. Nf3 e6 6. h3 Nf6 7. g4 Bg6 8. Ne5 Nbd7 9. Nxg6 hxg6 10. Bg2 c6 11.
Bf4 Bb4 12. a3 Bxc3+ 13. bxc3 Nd5 14. Bd2 b5 15. a4 N7b6 16. axb5 cxb5 17. Qe2 Nc4 18.
O-O O-O 19. Rfb1 Qd7 20. h4 Rac8 21. Rb3 a5 22. Rab1 Rb8 23. Qxc4 bxc4 24. Rxb8 Rxb8 25. Rxb8+ Kh7 26. h5 Qa4 27. Be4 Qa1+ 28. Kg2 Qd1 29. hxg6+ fxg6 30. Bxd5 Qxg4+ 31. Kf1 exd5 32. Rb1 Qe4 33. Rb2 Qf3 34. Ra2 Qd1+ 35. Be1 Qf3 36. Rxa5 Kh6 37. Ra8 Kh5 38. Re8 Kg4 39. Re3 Qd1 40.
Kg2 Qxc2 41. Re5 Qd3 42. Re3 Qb1 43. Re5 Qc2 44. Re3 g5 45. Re5 Kf4 46. Re3 g4 47. Kg1 g6 48. Kg2 Qd1 49. Kf1 Qb1 50. Ke2 Qc2+ 51. Bd2 Qf5 52. Re5# 1-0

[Event "*** Titled Tuesday Blitz"]
[Site "Chess.com"]
[Date "2020.11.03"]
[Round "2"]
[White "lacafi"]
[Black "frederiksvane"]
[Result "1/2-1/2"]
[WhiteElo "2097"]
[BlackElo "2635"]
[TimeControl "180+1"]
[EndTime "10:19:44 PST"]
[Termination "Game drawn by repetition"]

1. d4 Nf6 2. Nf3 e6 3. e3 d5 4. Bd3 Bd6 5. Nbd2 O-O 6. Qe2 c5 7. c3 Nc6 8. dxc5 Bxc5 9. e4 dxe4 10. Nxe4 Be7 11. O-O Qc7 12. Re1 b6 13. h3 Bb7 14.
Neg5 Rad8 15. Bc2 h6 16. Nxe6 fxe6 17. Qxe6+ Rf7 18. Bg6 Rf8 19. Bxf7+ Rxf7 20. Qc4 Bd6 21. Be3 Ne5 22. Nxe5 Bxe5 23. Qxc7 Bxc7 24. Rad1 Nd5 25. Bd4 Nf4 26. Re8+ Kh7 27. Rde1 Bxg2 28. R1e7 Kg6 29.
Rxc7 Rxc7 30. Be5 Rf7 31. Bxf4 Bxh3 32. Be3 Bf5 33. Bd4 Kh5 34. Kh2 g5 35. Kg3 Kg6 36. Rd8 Be6 37. Rd6 Kf5 38. a4 h5 39. a5 h4+ 40. Kh2 bxa5 41. Ra6 Rb7 42. Rxa5+ Kg4 43. b4 Rf7 44. Be3 Bf5 45. Rxa7 Rxa7 46. Bxa7 Bd3 47.
Bd4 Bc4 48. Bc5 Kf3 49. Bd4 g4 50. Bc5 Bb5 51. Bd4 Ke2 52. Bc5 Kf3 53. Bd4 Bc4 54.
Bc5 g3+ 55. fxg3 hxg3+ 56. Kg1 g2 57. Bd4 Kg3 58. Bc5 Kf3 59. Bd4 Kg3 60. Bc5 Kf3 1/2-1/2

[Event "*** Titled Tuesday Blitz"]
[Site "Chess.com"]
[Date "2020.11.03"]
[Round "2"]
[White "annacramling"]
[Black "Agoking701"]
[Result "0-1"]
[WhiteElo "1970"]
[BlackElo "2369"]
[TimeControl "180+1"]
[EndTime "10:19:44 PST"]
[Termination "Agoking701 won on time"]

1. d4 Nf6 2. c4 e6 3. Nc3 Bb4 4. Qc2 Nc6 5. Nf3 d6 6. e3 O-O 7.
Bd3 e5 8. d5 Ne7 9. O-O Bxc3 10. bxc3 g6 11. e4 Nh5 12. g3 f5 13. Bh6 Rf7 14. Ng5 Rf6 15. Ne6 Bxe6 16. dxe6 f4 17. g4 Ng7 18. Bxg7 Kxg7 19. f3 b6 20. Qb3 c5 21. Rad1 Rxe6 22. Be2 Qc7 23. Qc2 g5 24. Rf2 Rb8 25. Bf1 Rf6 26. Rfd2 a6 27.
a4 Nc6 28. Rd3 Na5 29. Rd5 Kf7 30. Qf2 Rh6 31. Qd2 Ke7 32. Qf2 Qc6 33. Qc2 Nb7 34. Rb1 Nd8 35. Rdd1 Ne6 36. a5 Nc7 37. axb6 Rxb6 38.
Rxb6 Qxb6 39. Rb1 Qa7 40. Qb3 Rf6 41. Be2 Rf8 42. Rd1 Rb8 43. Qc2 Qb6 44. Qd2 Qc6 45.
Bf1 Rb3 46. Rc1 Qb6 47. Qc2 a5 48. Ra1 Rb2 49. Qd3 Qa6 50. Be2 a4 51. Rd1 a3 52.
Ra1 a2 53. Kf2 Qa3 54. Rc1 a1=Q 55. Rxa1 Qxa1 0-1

[Event "*** Titled Tuesday Blitz"]
[Site "Chess.com"]
[Date "2020.11.03"]
[Round "2"]
[White "Revnov"]
[Black "NeverW84M8"]
[Result "0-1"]
[WhiteElo "2698"]
[BlackElo "2493"]
[TimeControl "180+1"]
[EndTime "10:19:45 PST"]
[Termination "NeverW84M8 won by resignation"]

1. e4 e5 2. Nf3 Nc6 3. Bc4 Bc5 4. d3 Nf6 5. Nc3 d6 6. Na4 Bb6 7. c3 O-O 8. O-O Ne7 9. Re1 Ng6 10. b4 c6 11.
Nxb6 axb6 12. h3 b5 13. Bb3 Be6 14. Bxe6 fxe6 15. a3 h6 16. Ra2 Nh5 17. d4 Qf6 18. Nh2 Nhf4 19. Re3 Rf7 20. Ng4 Qe7 21. Qf1 Raf8 22.
g3 Nh5 23. Qd1 Nf6 24. Nh2 exd4 25. cxd4 d5 26. exd5 cxd5 27. Rae2 Ne4 28. f4 Qc7 29. Bb2 Rc8 30. Ng4 Qc4 31. Nf2 Nxf2 32. Rxf2 Rc6 33. Rc3 Qa2 34. Rxc6 bxc6 35. Qe1 Nf8 36.
g4 Qb3 37. Kg2 Qd3 38. Rf3 Qg6 39. Bc1 h5 40. Rg3 hxg4 41. hxg4 Qc2+ 42. Kg1 Ng6 43. f5 exf5 44. gxf5 Qxf5 45. Bg5 Nf4 46. Qe3 Qe4 47. Qxe4 dxe4 48. Re3 Rf5 49. Be7 Nd3 50. Rxe4 Nf2 51.
Bc5 Nxe4 52. Kg2 Nxc5 53. Kg1 Rd5 54. a4 Rxd4 0-1

[Event "*** Titled Tuesday Blitz"]
[Site "Chess.com"]
[Date "2020.11.03"]
[Round "2"]
[White "HouseOfDurin"]
[Black "Oligan22"]
[Result "1-0"]
[WhiteElo "2196"]
[BlackElo "2396"]
[TimeControl "180+1"]
[EndTime "10:19:45 PST"]
[Termination "HouseOfDurin won on time"]

1. d4 Nf6 2. Bg5 Ne4 3. h4 c5 4. dxc5 Qa5+ 5. Nd2 e6 6. c3 Nxd2 7. Qxd2 Qxc5 8. e4 Nc6 9. O-O-O Be7 10. Be3 Qa5 11.
Kb1 d6 12. f4 Bd7 13. e5 d5 14.
Nf3 b5 15. b4 Qa4 16. Qc2 Qxc2+ 17. Kxc2 a5 18. a3 axb4 19. axb4 O-O 20. Kb2 Rfc8 21. Bxb5 Nxe5 22. Bxd7 Nxd7 23. Ra1 Nf6 24. Rxa8 Rxa8 25.
Ra1 Rc8 26. Ra7 Kf8 27. b5 Ne4 28. Bd4 Bd6 29. b6 Rb8 30. Be5 Rxb6+ 31. Kc2 f6 32. Bxd6+ Rxd6 33. Nd4 h5 34. Kd3 Nc5+ 35. Ke3 Ne4 36.
Kd3 Kg8 37. Re7 Nc5+ 38. Kc2 Kf8 39. Rc7 Ne4 40. f5 exf5 41. Nxf5 Ra6 42. Nxg7 Ra2+ 43. Kb3 Rxg2 44. Nxh5 Rh2 45. Nf4 Rxh4 46. Nxd5 f5 47.
Rc6 Rh3 48. Kb4 Ke8 49. Nf6+ 1-0

[Event "*** Titled Tuesday Blitz"]
[Site "Chess.com"]
[Date "2020.11.03"]
[Round "2"]
[White "UmarovSabir"]
[Black "Vesper2018"]
[Result "0-1"]
[WhiteElo "2327"]
[BlackElo "2609"]
[TimeControl "180+1"]
[EndTime "10:19:46 PST"]
[Termination "Vesper2018 won on time"]

1. e4 c5 2. a3 d5 3. exd5 Qxd5 4. Nc3 Qd8 5. Nf3 Nf6 6. d4 cxd4 7. Qxd4 Qxd4 8. Nxd4 a6 9. Bf4 e6 10. O-O-O Bc5 11. f3 O-O 12. Nb3 Be7 13. Bd6 Re8 14. Bxe7 Rxe7 15. Na5 Nbd7 16. Nc4 b5 17. Nd6 Nc5 18.
b4 Nb7 19. Nce4 Nxd6 20. Nxd6 Bd7 21. c4 Rb8 22. c5 Bc6 23. Bd3 Ra8 24. Kb2 a5 25. Bxb5 Bxb5 26. Nxb5 axb4 27. c6 bxa3+ 28. Nxa3 Nd5 29. Rc1 Rc7 30. Nb5 Rb8 31. Rc5 Ra7 32.
Kc2 Ra5 33. Rb1 Rc8 34. c7 Rxc7 35. Rxc7 Nxc7 36. Nxc7 Rc5+ 37. Kd3 g5 38. Rb8+ Kg7 39. Nb5 Rd5+ 40. Nd4 e5 41. Ke4 Rxd4+ 42. Kxe5 Rd2 43. g4 Rxh2 44. Kf5 h6 0-1

[Event "*** Titled Tuesday Blitz"]
[Site "Chess.com"]
[Date "2020.11.03"]
[Round "2"]
[White "geordie_derraugh"]
[Black "tylityli"]
[Result "0-1"]
[WhiteElo "2437"]
[BlackElo "2272"]
[TimeControl "180+1"]
[EndTime "10:19:47 PST"]
[Termination "tylityli won by resignation"]

1. e4 e5 2. Nf3 Nc6 3. Bc4 Nf6 4. d3 Be7 5. O-O O-O 6. c3 d5 7. exd5 Nxd5 8. Re1 Bg4 9. h3 Bh5 10. g4 Bg6 11.
Nxe5 Nxe5 12. Rxe5 Nb6 13. Qe2 Bf6 14. Rb5 Re8 15. Be3 Nxc4 16. dxc4 Bd3 17. Qf3 Be4 18. Qe2 b6 19. Nd2 Bd3 20. Qf3 Qe7 21. Rd5 Rad8 22.
Bc5 bxc5 23. Qxd3 Rd6 24. Rd1 h5 25. gxh5 Be5 26. Nf3 Bf4 27. Rxd6 Bxd6 28. Re1 Qd7 29. Rxe8+ Qxe8 30. Qe3 Qc6 31. Ng5 Qa4 32. Qf3 Qe8 33. Ne4 Qe5 34. Nxd6 cxd6 35. Kg2 Qg5+ 36. Qg4 Qd2 37. Qc8+ Kh7 38. Qf5+ Kg8 39. Qd5 Qxb2 40. Qxd6 Qxa2 41. Qxc5 a5 42. Qc8+ Kh7 43. Qf5+ Kg8 44. c5 Qc4 45. Qc8+ Kh7 46. Qf5+ Kg8 47. Qe5 a4 48. Qd4 Qxd4 49. cxd4 Kf8 50. d5 Ke7 51.
Kf3 a3 52. c6 Kd6 53. Kf4 a2 54. Kg5 a1=Q 55. h6 gxh6+ 56. Kxh6 Kxd5 0-1

[Event "*** Titled Tuesday Blitz"]
[Site "Chess.com"]
[Date "2020.11.03"]
[Round "2"]
[White "WcmDominicToretto"]
[Black "barriochess"]
[Result "0-1"]
[WhiteElo "1882"]
[BlackElo "2365"]
[TimeControl "180+1"]
[EndTime "10:19:47 PST"]
[Termination "barriochess won by checkmate"]

1. e4 c5 2. Nc3 Nc6 3. f4 g6 4.
Nf3 Bg7 5. Bc4 e6 6. O-O Nge7 7. d3 O-O 8. Qe1 d5 9. Bb3 Nd4 10. Qh4 Nxb3 11. axb3 f5 12. Ng5 h6 13. Nf3 b6 14. h3 Bb7 15. e5 d4 16. Ne2 Nd5 17.
g4 Qxh4 18. Nxh4 Kh7 19. gxf5 gxf5 20. Ng3 Nb4 21. Rf2 Bh8 22. Kh2 Rg8 23. Bd2 Nxc2 24. Rg1 a5 25. Bxa5 Rxa5 26. Rxc2 Bd5 27. b4 cxb4 28. Rc7+ Rg7 29. Rc8 Rc5 30. Rxc5 bxc5 31. Nh5 Rxg1 32. Kxg1 c4 33. dxc4 Bxc4 34. Kf2 Bg7 35.
Ke1 b3 36. Kd2 Kg8 37. Ng6 Kf7 38. Nh4 Bf8 39. Kd1 Bb4 40. Nf3 Bc5 41. Ng3 Bd5 42.
Nd2 Kg6 43. h4 h5 44. Ke2 Be7 45. Ngf1 Bxh4 46. Nf3 Bxf3+ 47. Kxf3 Be7 48. Ke2 h4 49. Kd3 Bc5 50. Kc4 h3 51. Kxb3 Kh5 52. Kc4 Ba7 53. Kd3 Kg4 54. b4 Kxf4 55. b5 Kxe5 56. Kc4 Kf4 57. Kb4 Kf3 58. Ka5 Kg2 59. b6 Bxb6+ 60.
Kxb6 Kxf1 61. Kc5 d3 62. Kd4 d2 63. Kd3 d1=Q+ 64. Ke3 Qe2+ 65. Kf4 Qe4+ 66. Kg3 Qg4+ 67. Kh2 Qg2# 0-1

[Event "*** Titled Tuesday Blitz"]
[Site "Chess.com"]
[Date "2020.11.03"]
[Round "2"]
[White "SamuelGhimpu2003"]
[Black "KuzubovYuriy"]
[Result "0-1"]
[WhiteElo "2541"]
[BlackElo "2822"]
[TimeControl "180+1"]
[EndTime "10:19:48 PST"]
[Termination "KuzubovYuriy won on time"]

1. d4 Nf6 2. c4 e6 3. Nc3 Bb4 4. Qc2 O-O 5. e4 d5 6. e5 Ne4 7. Bd3 c5 8. Ne2 cxd4 9. Nxd4 Nd7 10. Bf4 Qh4 11. g3 Qh5 12. h4 Nxe5 13. Be2 Ng4 14.
Bxg4 Qxg4 15. f3 Qh5 16. g4 Qg6 17. fxe4 e5 18. Bxe5 Re8 19. O-O-O Rxe5 20. h5 Qh6+ 21. Kb1 Bxg4 22. Nxd5 Bxd1 23. Qxd1 Bf8 24. Nf5 Qe6 25. Qd4 Rxe4 26. Nh6+ Qxh6 27. Qxe4 Qe6 28. Qd3 Re8 29. Rg1 Kh8 30. Qc3 Qe5 31. Qc1 Qxh5 32. a3 Qf5+ 33. Ka2 g6 34. Rf1 Qd7 35. Nf6 Qc8 36. Nxe8 Qxe8 37.
Qf4 Kg8 38. Qf3 Qd7 39. Rd1 Qc7 40. Qd5 h5 41. Rg1 Kh7 42. Rf1 Kg8 43. Re1 Qc6 44. Qd3 h4 45. b3 Qf6 46. Re2 Bg7 47. b4 h3 48. Qxh3 Qa1+ 49. Kb3 Qb1+ 0-1

[Event "*** Titled Tuesday Blitz"]
[Site "Chess.com"]
[Date "2020.11.03"]
[Round "2"]
[White "AvitalBor"]
[Black "Neftegor"]
[Result "1-0"]
[WhiteElo "2696"]
[BlackElo "2454"]
[TimeControl "180+1"]
[EndTime "10:19:48 PST"]
[Termination "AvitalBor won by resignation"]

1. Nf3 Nf6 2. d4 e6 3. c4 Bb4+ 4. Bd2 Qe7 5. Qc2 a5 6. e3 O-O 7. Bd3 d6 8. Nc3 b6 9. O-O Bb7 10. a3 Bxc3 11. Bxc3 Nbd7 12. b4 e5 13. Nd2 e4 14.
Be2 axb4 15. axb4 b5 16. cxb5 Nb6 17. Ra5 Bd5 18. Rfa1 Rac8 19. Bb2 Qe6 20. Ra7 Qf5 21. Rxc7 Ng4 22. Rf1 h5 23. h3 Nf6 24. Ra1 Qg6 25. Ra6 Rb8 26. Qd1 Be6 27. Kh2 Nbd5 28. Rc1 Nxb4 29. Rxd6 Nd3 30. Bxd3 exd3 31. d5 Rxb5 32. dxe6 Rxb2 33. e7 Re8 34. Rd8 Rb8 35. Rxb8 Rxb8 36. Qa4 Qf5 37. Qd4 Re8 38. Qd8 Kh7 39. Nf3 Kg6 40.
Qd6 Kh7 41. Rc5 Qg6 42. Qd8 Kh6 43. Rg5 Qxg5 44. Nxg5 Kxg5 45. f3 Kg6 46. e4 d2 47.
e5 Rxe7 48. exf6 Re2 49. Qd3+ Kxf6 50. Qxe2 1-0

[Event "*** Titled Tuesday Blitz"]
[Site "Chess.com"]
[Date "2020.11.03"]
[Round "2"]
[White "Chopper1905"]
[Black "Vanina1989"]
[Result "1-0"]
[WhiteElo "2922"]
[BlackElo "2599"]
[TimeControl "180+1"]
[EndTime "10:19:49 PST"]
[Termination "Chopper1905 won on time"]

1. d4 Nf6 2. Bf4 d5 3. e3 c5 4.
Nd2 Nc6 5. c3 e6 6. Ngf3 Bd6 7. Bg5 h6 8. Bh4 O-O 9. Bd3 e5 10. dxc5 Bxc5 11. e4 Qb6 12. Bxf6 Bxf2+ 13. Kf1 gxf6 14. exd5 Ne7 15. Nc4 Qc5 16. Qd2 e4 17. Qxf2 Qxd5 18. Be2 exf3 19. Qxf3 Qg5 20. h4 Qg7 21.
Kg1 Be6 22. Rf1 Bd5 23. Qf2 Nf5 24. Rh3 Kh8 25. Bd3 Rg8 26. Rh2 Ng3 27. Re1 Rae8 28. Ne3 Bc6 29. Rh3 Re5 30. Nf1 Nxf1 31. Rxe5 fxe5 32.
Bxf1 Qg6 33. Re3 f6 34. b4 a6 35. a4 Bxa4 36. Rf3 Rf8 37. Qb6 Bc6 38. Rf2 Qg4 39. Qc5 Rf7 40. Qd6 Kg7 41. Qd2 Qxh4 42.
Qe3 Qg5 43. Qe2 Rd7 44. c4 Rd4 45. Qe1 Qg4 46. b5 axb5 47. cxb5 Be4 48. Qc3 Rd7 49. Qe3 h5 50. Qb6 1-0

[Event "*** Titled Tuesday Blitz"]
[Site "Chess.com"]
[Date "2020.11.03"]
[Round "2"]
[White "InitiatingASC"]
[Black "ethylalcohol"]
[Result "1-0"]
[WhiteElo "2387"]
[BlackElo "2099"]
[TimeControl "180+1"]
[EndTime "10:19:49 PST"]
[Termination "InitiatingASC won on time"]

1. Nf3 Nf6 2. c4 g6 3. g3 Bg7 4. Bg2 O-O 5. O-O d6 6. d3 e5 7. Nc3 Nc6 8. Rb1 Re8 9. Ne1 Bf5 10. Nc2 h5 11. Ne3 Be6 12. b4 Qd7 13. Ncd5 Rab8 14. b5 Nd4 15. Bb2 c6 16. Nxf6+ Bxf6 17. a4 Bh3 18. Bxd4 exd4 19. Nc2 h4 20. Ne1 Kg7 21.
a5 c5 22. Qd2 Rh8 23. Qf4 Bxg2 24. Nxg2 hxg3 25. fxg3 Be5 26. Qf3 f5 27. Nf4 Rh6 28. Rf2 Rbh8 29. a6 b6 30. Ra1 Rb8 31. Nd5 Qd8 32.
Rg2 Qg5 33. Rf1 Rbh8 34. Nc7 Qe7 35. Qb7 Re8 36. Nd5 Qxb7 37. axb7 Rb8 38. Ra1 Rxb7 39. Ra2 Rh8 40. Rf2 Ra8 41. Rf1 Bf6 42. Rfa1 Bd8 43. Nf4 Kf6 44. h4 Kg7 45. Kg2 Rf7 46. Kf3 Re7 47.
Nd5 Re5 48. Rxa7+ Rxa7 49. Rxa7+ Kh6 50. Rd7 Re8 51. Rxd6 Kh5 52. Nf6+ Bxf6 53. Rxf6 Re3+ 54. Kf2 1-0

[Event "*** Titled Tuesday Blitz"]
[Site "Chess.com"]
[Date "2020.11.03"]
[Round "2"]
[White "alexrustemov"]
[Black "lamomiablanca"]
[Result "1-0"]
[WhiteElo "2662"]
[BlackElo "2257"]
[TimeControl "180+1"]
[EndTime "10:19:51 PST"]
[Termination "alexrustemov won by checkmate"]

1. d4 Nf6 2. Nf3 g6 3. c4 Bg7 4. g3 O-O 5. Bg2 d6 6. Nc3 Nbd7 7. O-O e5 8. e4 Re8 9. h3 exd4 10.
Nxd4 c6 11. Re1 Qb6 12. Nc2 Ne5 13. b3 Nfd7 14. Na4 Qa5 15. Bd2 Qc7 16. Bb4 Nc5 17. Nxc5 dxc5 18. Bc3 Rd8 19. Qe2 Be6 20. Rad1 Rxd1 21.
Rxd1 Rd8 22. Rxd8+ Qxd8 23. f4 Qd3 24. Qxd3 Nxd3 25.
Bd2 b5 26. Ne3 Bd4 27. Kf1 Nb2 28. Ke2 bxc4 29. f5 Bxe3 30. Bxe3 cxb3 31. axb3 Bxb3 32. Bxc5 a5 33. g4 f6 34. Bd4 Nc4 35. Bxf6 Kf7 36.
Bd4 a4 37. e5 a3 38. Bxc6 a2 39. Kd3 Na3 40. Kd2 Nc2 41. Bc3 a1=Q 42. Bxa1 Nxa1 43.
Kc3 Bd1 44. f6 Ke6 45. Bd5+ Kd7 46. e6+ Ke8 47. Bc6+ Kd8 48. e7+ Kc7 49. e8=Q Kb6 50. f7 Ka5 51. f8=Q Nc2 52. Qc5+ Ka6 53. Qa8# 1-0

[Event "*** Titled Tuesday Blitz"]
[Site "Chess.com"]
[Date "2020.11.03"]
[Round "2"]
[White "saraswathii"]
[Black "cukin84"]
[Result "1/2-1/2"]
[WhiteElo "2370"]
[BlackElo "2065"]
[TimeControl "180+1"]
[EndTime "10:19:51 PST"]
[Termination "Game drawn by stalemate"]

1. e4 c6 2. d3 d5 3. Nd2 dxe4 4. dxe4 e5 5. Ngf3 Nd7 6. Bd3 Bc5 7. O-O Ne7 8. Nc4 Qc7 9. c3 O-O 10. b4 Bb6 11. Bg5 f6 12. Bh4 Ng6 13. Bg3 Rd8 14. Qb3 Kh8 15. a4 a5 16. Rad1 Ndf8 17. h3 Be6 18. Qc2 axb4 19. cxb4 Bd4 20. Be2 c5 21. bxc5 Qxc5 22. Nxd4 Rxd4 23. Rxd4 exd4 24. Bd6 Qc6 25.
Bxf8 Nxf8 26. Qd3 Bxc4 27. Qxc4 Qxc4 28. Bxc4 Rxa4 29. Bd5 Rb4 30. Ra1 g5 31. Ra8 Kg7 32. Ra7 d3 33. Bxb7 d2 34. Ba6+ Kh6 35. Be2 Rb1+ 36.
Kh2 d1=Q 37. Bxd1 Rxd1 38. Rf7 Ng6 39. Rxf6 Re1 40. f3 Kg7 41. Rf5 h6 42. Ra5 Re2 43.
Ra7+ Kf6 44. Ra6+ Kf7 45. Ra7+ Ke8 46. Ra6 Nf4 47. Rxh6 Rxg2+ 48. Kh1 Rg3 49. h4 gxh4 50. Rxh4 Rxf3 51. Kh2 Ne6 52. Kg2 Ra3 53. Kf2 Kd7 54.
Rh5 Kd6 55. Rd5+ Ke7 56. Rd2 Kf6 57. Rb2 Ke5 58. Rb4 Nd4 59. Rb2 Kxe4 60. Rd2 Rf3+ 61. Kg2 Rf6 62. Rd1 Ke3 63. Re1+ Ne2 64. Rf1 Rg6+ 65.
Kh3 Nf4+ 66. Kh4 Ke4 67. Re1+ Kf5 68. Re5+ Kf6 69. Rf5+ Kxf5 1/2-1/2

[Event "*** Titled Tuesday Blitz"]
[Site "Chess.com"]
[Date "2020.11.03"]
[Round "2"]
[White "novocane"]
[Black "RobPeresian"]
[Result "1-0"]
[WhiteElo "2306"]
[BlackElo "2452"]
[TimeControl "180+1"]
[EndTime "10:19:52 PST"]
[Termination "novocane won by resignation"]

1. d4 Nf6 2. c4 e6 3. Nc3 Bb4 4.
e3 O-O 5. Ne2 Re8 6. a3 Bf8 7. e4 d5 8. e5 Nfd7 9. f4 c5 10. dxc5 dxc4 11. Ng3 Nxc5 12. Bxc4 Qxd1+ 13. Nxd1 b6 14. b4 Ncd7 15. O-O Bb7 16. Nc3 Nc6 17.
Nce4 Rac8 18. Bb2 a5 19. Nd6 Bxd6 20. exd6 axb4 21. axb4 Nxb4 22. Bb5 Bc6 23. Be2 Ra8 24. f5 exf5 25. Rxa8 Bxa8 26. Rxf5 Nc5 27. Bc4 Ne6 28. Nh5 f6 29. Bxf6 g6 30. Rg5 Kf8 31. Be7+ Rxe7 32.
dxe7+ Kxe7 33. Re5 gxh5 34. Rxe6+ Kd7 35. Rxb6 Nc6 36. Rb1 h4 37. Bb5 Kd6 38. Bxc6 Bxc6 39. Rb4 h5 40. Rxh4 Be8 41. Rf4 Ke5 42. g3 Bg6 43. Kf2 Be8 44. h4 Bg6 45. Ke3 Be8 46. Rf8 Bg6 47. Rg8 Bf7 48. Rg7 Kf6 49. Rg5 Be8 50.
Kf4 Bf7 51. Rf5+ Kg6 52. Rxf7 Kxf7 53. Kg5 Kg7 54. Kxh5 Kh7 55. Kg5 Kg7 56. h5 1-0

[Event "*** Titled Tuesday Blitz"]
[Site "Chess.com"]
[Date "2020.11.03"]
[Round "2"]
[White "crywolf1986"]
[Black "vladislavkovalev"]
[Result "0-1"]
[WhiteElo "2571"]
[BlackElo "2869"]
[TimeControl "180+1"]
[EndTime "10:19:53 PST"]
[Termination "vladislavkovalev won by resignation"]

1. d4 Nf6 2. Nf3 g6 3. c4 Bg7 4. g3 O-O 5. Bg2 d6 6. O-O Nc6 7. Nc3 e5 8. dxe5 Nxe5 9. Nxe5 dxe5 10. Qxd8 Rxd8 11. Bg5 Rd4 12. Nd5 Nxd5 13. cxd5 e4 14. Rad1 Bg4 15. Rxd4 Bxd4 16. Bxe4 Bxe2 17. Re1 Bg4 18.
b3 Re8 19. Bd2 h5 20. Kg2 Bc5 21. Bc3 Bd6 22. h3 Bd7 23. Bf3 Rxe1 24. Bxe1 Bf5 25. b4 b5 26. Bc3 Bd3 27. a3 a6 28.
Bd1 Be4+ 29. Bf3 Bd3 30. Bd1 f5 31. f4 Kf7 32. Bf3 h4 33. Bd2 hxg3 34. h4 Be7 35. Kxg3 Bf6 36. h5 Bb2 37. hxg6+ Kxg6 38. Kh4 Bxa3 39. Bh5+ Kh6 40. Bc3 Be4 41. Bf7 Bd3 42. Kg3 Bc4 43. d6 cxd6 44. Be8 d5 45. Bd7 Kg6 46. Be8+ Kh6 47. Bd7 Bd3 48. Be6 Be4 49. Bf7 d4 50. Bxd4 Bxb4 51. Bf6 Be1+ 52. Kh3 a5 53.
Bd8 a4 54. Be8 Bd3 55. Bf6 a3 56. Kg2 b4 57. Bf7 Bc2 58. Kf1 Bc3 59. Be7 Bb1 60. Be8 Kg7 61. Bg5 a2 0-1

[Event "*** Titled Tuesday Blitz"]
[Site "Chess.com"]
[Date "2020.11.03"]
[Round "2"]
[White "BlixLT"]
[Black "MissingLife"]
[Result "1-0"]
[WhiteElo "2380"]
[BlackElo "2058"]
[TimeControl "180+1"]
[EndTime "10:19:53 PST"]
[Termination "BlixLT won by resignation"]

1. Nf3 Nf6 2. g3 g6 3. Bg2 d5 4. c4 Bg7 5. cxd5 Nxd5 6. d4 Nb6 7. O-O O-O 8. Nc3 Na6 9. h3 c5 10. e3 Bf5 11. g4 Be6 12. b3 Nd5 13. Bb2 Nxc3 14.
Bxc3 Bd5 15. Rc1 Rc8 16. dxc5 Bxc3 17. Rxc3 Bxf3 18. Qxf3 Nxc5 19. b4 Na6 20. Rxc8 Qxc8 21. a3 b6 22. Rd1 Qc3 23. e4 Qc6 24. e5 Qe6 25. Qf4 Nc7 26. Rd3 Kg7 27. h4 b5 28. Rg3 Nd5 29. Qe4 Rd8 30. Rd3 f5 31.
exf6+ Qxf6 32. Rxd5 Rf8 33. Qe5 a6 34. Qxf6+ Rxf6 35. f3 Rc6 36. Rd3 Rc1+ 37. Kf2 Rc6 38. Kg3 h5 39. gxh5 gxh5 40. f4 Rg6+ 41. Kf3 Rc6 42. Re3 Kf7 43. Bh3 Rc1 44. Be6+ Kf6 45. Bd5 Rf1+ 46. Ke4 Rh1 47. Rc3 Rxh4 48. Rc6+ Kg7 49.
Rxa6 Rh3 50. Bc6 h4 51. Bxb5 Rc3 52. Bc6 h3 53. Kd4 Rc1 54. Be4 h2 55. Rg6+ Kf7 56. Rh6 Rd1+ 57. Ke5 1-0

[Event "*** Titled Tuesday Blitz"]
[Site "Chess.com"]
[Date "2020.11.03"]
[Round "2"]
[White "S2PAc"]
[Black "DryCounty"]
[Result "1-0"]
[WhiteElo "2868"]
[BlackElo "2570"]
[TimeControl "180+1"]
[EndTime "10:19:54 PST"]
[Termination "S2PAc won on time"]

1. d4 Nf6 2. g3 g6 3. Bg2 Bg7 4. e4 d6 5. Nc3 O-O 6. Nge2 Nc6 7. O-O e5 8. dxe5 dxe5 9. Bg5 h6 10. Qxd8 Rxd8 11.
Bxf6 Bxf6 12. Nd5 Kg7 13. Nxc7 Rb8 14. Rfd1 Nd4 15. Nxd4 exd4 16. Nd5 Be6 17. Nxf6 Kxf6 18. f4 Rbc8 19. Rd2 a5 20. b3 b6 21. Rad1 Bg4 22. Re1 Rc3 23. e5+ Ke7 24. Be4 a4 25. Kf2 a3 26. Kg2 h5 27. h3 Bf5 28. Bxf5 gxf5 29. Kf2 Ke6 30. Red1 h4 31. gxh4 Rxh3 32. Rxd4 Rxd4 33. Rxd4 Rh2+ 34. Ke3 Rxc2 35. Rd6+ Ke7 36. Rxb6 Rxa2 37. Ra6 Ra1 38. Kf2 a2 39. Kg2 Rb1 40.
Rxa2 Rxb3 41. h5 Kf8 42. Ra6 Kg7 43. Rf6 Rb2+ 44. Kg3 Rb3+ 45. Kh4 Rb1 46. Kg5 Rh1 47. h6+ Kg8 48. Kxf5 Rh4 49. Kg5 Rh1 50. Rd6 Rg1+ 51. Kf6 Rg4 52. f5 Kh7 53. Kxf7 Rg7+ 54. Ke6 Kxh6 55. f6 Rg2 56. Kf7 Kh7 57. Rd3 Rh2 58.
e6 Kh8 59. e7 Rh7+ 60. Ke6 1-0

[Event "*** Titled Tuesday Blitz"]
[Site "Chess.com"]
[Date "2020.11.03"]
[Round "2"]
[White "mortngabriel"]
[Black "gurelediz"]
[Result "0-1"]
[WhiteElo "2334"]
[BlackElo "2698"]
[TimeControl "180+1"]
[EndTime "10:19:54 PST"]
[Termination "gurelediz won by resignation"]

1. d4 Nf6 2. Nf3 e6 3. g3 b6 4. Bg2 Bb7 5. O-O Be7 6. c4 O-O 7. d5 exd5 8. Nh4 Ne4 9. Nf5 dxc4 10. Qc2 d5 11. Rd1 Nd6 12. Bxd5 Bxd5 13. Rxd5 Nd7 14.
Bf4 Nf6 15. Rd1 Qd7 16. Nxe7+ Qxe7 17. Bxd6 cxd6 18. Qxc4 Rac8 19. Qd3 d5 20. Nc3 Rfd8 21. e3 h5 22. h4 Qe6 23. Ne2 Ne4 24. Rac1 Qg4 25.
Rxc8 Rxc8 26. Nc3 Nxg3 27. fxg3 Qxg3+ 28. Kf1 Qxh4 29. Nxd5 Re8 30. Rd2 Re5 31. Nf4 Qh1+ 32. Ke2 h4 33. Qd8+ Kh7 34. Qd3+ g6 35. Qd7 Rf5 36. Rd5 Qh2+ 37. Kd3 Rxd5+ 38. Qxd5 Kg7 39. Qe5+ Kh7 40. Qf6 Kg8 41. Qd8+ Kg7 42. Qd4+ Kh6 43. Qf6 Qh1 44. Qxf7 Qb1+ 45. Kc3 Qc1+ 46. Kd4 Qxb2+ 47.
Ke4 Qc2+ 48. Nd3 h3 49. Qf4+ Kg7 50. Qe5+ Kf7 51. Qd5+ Ke7 52. Qe5+ Kd7 53. Qg7+ Kc6 54. Qxg6+ Kb5 55. Qf5+ Ka6 56. Qxh3 Qc4+ 57. Kf3 Qxd3 58. Qc8+ Ka5 59. Qd7 Qxd7 0-1

[Event "*** Titled Tuesday Blitz"]
[Site "Chess.com"]
[Date "2020.11.03"]
[Round "2"]
[White "ChristianAlm"]
[Black "Trickov"]
[Result "1-0"]
[WhiteElo "2551"]
[BlackElo "2322"]
[TimeControl "180+1"]
[EndTime "10:19:54 PST"]
[Termination "ChristianAlm won on time"]

1. d4 d5 2. Bf4 Nf6 3. e3 c6 4.
Nf3 Bf5 5. Bd3 e6 6. O-O Qb6 7. b3 Nbd7 8. Nc3 Be7 9. Bxf5 exf5 10. Ne5 Rd8 11. Na4 Qa6 12. Bg5 Nxe5 13. dxe5 Ne4 14. Bxe7 Kxe7 15. f3 Ng5 16. Qd4 Ne6 17. Qb4+ Kd7 18. c4 Kc8 19. Rac1 dxc4 20. Rxc4 Rd5 21.
Rfc1 Rhd8 22. f4 Qa5 23. Qxa5 Rxa5 24. R4c2 Rd3 25. Kf2 Rad5 26. Ke2 Rd8 27. Nb2 R3d5 28. Nc4 Nc5 29. Nd6+ R8xd6 30. exd6 Ne4 31. Rd1 Rxd6 32. Rxd6 Nxd6 33. Rc5 Kd7 34. Rc2 Ke6 35. g3 f6 36.
h3 g5 37. Kf3 h5 38. g4 fxg4+ 39.
hxg4 hxg4+ 40. Kxg4 gxf4 41. exf4 f5+ 42. Kf3 Kd5 43.
Rd2+ Ke6 44. Re2+ Kd5 45. Rh2 a5 46. Rh7 Kc5 47. a3 b5 48. Re7 Ne4 49. Re5+ Kd4 50. Rxf5 Nd2+ 51. Kg4 Nxb3 52. Rf8 Nc5 53. f5 1-0